 Dungeon Crawl Stone Soup version 0.31-a0-549-gf98fd537a9 (webtiles) character file.

Game seed: 5000419757243000432

272 Ethylacetat the Ducker (level 6, -4/42 HPs)
             Began as an Octopode Gladiator on Aug 16, 2023.
             Slain by a gnoll
             ... wielding a +0 spear
              (8 damage)
             ... on level 4 of the Dungeon.
             The game lasted 00:02:31 (2333 turns).

Ethylacetat the Ducker (Octopode Gladiator)         Turns: 2333, Time: 00:02:31

Health: -4/42      AC:  1    Str: 12 (13) XL:     6   Next: 23%
Magic:  8/8        EV: 14    Int:  7 (10) God:
Gold:   219        SH:  0    Dex: 14 (16) Spells: 8/8 levels left

rFire   . . .        f - staff of earth
rCold   . . .        (no shield)
rNeg    . . .        a - +0 hat
rPois   .            (no amulet)
rElec   .            k - ring of see invisible
rCorr   .            (no ring)
SInv    +            (no ring)
Will    .....        (no ring)
Stlth   ++           (no ring)
HPRegen 0.27/turn    (no ring)
MPRegen 0.11/turn    (no ring)
                     (no ring)

%: no passive effects
@: brilliant, lethally poisoned (-4 -> -13)
A: almost no armour, amphibious, 8 rings, camouflage 1, gelatinous body 1,
(nimble swimmer 1), tentacles
a: no special abilities


You were on level 4 of the Dungeon.
You visited 1 branch of the dungeon, and saw 4 of its levels.

You collected 219 gold pieces.

Inventory:

Missiles
 b - 3 throwing nets (quivered)
 c - a javelin
Armour
 a - a +0 hat (worn)
Magical Staves
 f - a staff of earth (weapon)
Jewellery
 k - a ring of see invisible (left tentacle)
Wands
 j - a wand of flame (22)
Scrolls
 e - 2 scrolls of fear {unknown}
 g - 2 scrolls of teleportation {unknown}
 h - 2 scrolls of revelation {unknown}
 n - 3 scrolls of butterflies {unknown}
 o - a scroll of immolation {unknown}
 q - a scroll of vulnerability {unknown}
 t - a scroll of enchant armour {unknown}
Potions
 d - a potion of haste {unknown}
 i - a potion of degeneration
 l - a potion of curing {unknown}
 m - a potion of brilliance
 p - a potion of heal wounds {unknown}
 r - a potion of might {unknown}
 s - a potion of lignification {unknown}


   Skills:
 + Level 3.4 Fighting
 + Level 2.1 Staves
 - Level 2.0 Throwing
 + Level 4.1 Dodging
 - Level 3.2 Unarmed Combat
 + Level 1.9 Spellcasting
 + Level 2.1 Earth Magic


You had 8 spell levels left.
You didn't know any spells.
Your spell library was empty.

Dungeon Overview and Level Annotations

Branches:
Dungeon (4/15)
 Temple: D:4-7

Altars:
The Shining One


Innate Abilities, Weirdness & Mutations

You cannot wear most types of armour.
You are amphibious.
You can wear up to eight rings at the same time.
Your skin changes colour to match your surroundings (Stealth+).
Your rubbery body absorbs attacks. (AC +1, EV +1)
((You are camouflaged when in or above water. (Stealth+)))
You have tentacles for arms and can constrict up to eight enemies at once.


Message History

The gnoll hits you with a +0 spear.
You release your grip on the gnoll.
The gnoll misses you.
You start resting.
A gnoll is nearby!
A gnoll is nearby!
The gnoll hits you from afar with a +0 spear!
You hit the gnoll. Your grab misses the gnoll. Your squeeze misses the gnoll.
You hit the gnoll but do no damage. Your grab misses the gnoll.
You squeeze the gnoll.
The gnoll is lightly wounded.
The gnoll completely misses you.
You hit the gnoll. You grab the gnoll. You hit the gnoll.
The gnoll is severely wounded.
You constrict the gnoll, but do no damage.
The gnoll barely misses you.
The gnoll struggles to escape constriction.
The gnoll closely misses you.
You hit the gnoll but do no damage. x2
The gnoll is severely wounded.
You constrict the gnoll.
The gnoll hits you from afar with a +0 spear.
The gnoll misses you.
The gnoll hits you from afar with a +0 spear of venom!
You are lethally poisoned!
It was a potion of degeneration.
There was something very wrong with that liquid.
You feel weakened.
You feel dopey.
You feel clumsy.
You constrict the gnoll.
You kill the gnoll!
* * * LOW HITPOINT WARNING * * *
You feel very sick.
The gnoll hits you from afar with a +0 spear.
* * * LOW HITPOINT WARNING * * *
The gnoll barely misses you.
It was a potion of brilliance.
You feel clever all of a sudden.
* * * LOW HITPOINT WARNING * * *
You feel very sick.
The gnoll hits you from afar with a +0 spear!
You die...

..... ##..⌠..##..##.##
...... #..⌠.⌠..##.....#
......###..⌠._.⌠. ###...#
........##..⌠.⌠..##...###
.........##..⌠..##..###
######.#g.##...##..##
#g##g.## ##..## #g
##..###..## #..###g.#.@##
##....#.#)## ####...gg#
##...## ##..# ####


You could see 2 gnolls.

Vanquished Creatures
  An ice beast (D:3)
  A jelly (D:4)
  Jessica (D:2)
  An iguana (D:3)
  3 adders
  A gnoll (D:4)
  A worm (D:2)
  3 dart slugs (D:1)
  7 ball pythons
  3 bats (D:1)
  6 endoplasms
  4 giant cockroaches
  2 goblins
  3 hobgoblins
  2 jackals (D:1)
  A quokka (D:4)
  4 frilled lizards
  4 kobolds
  3 rats
51 creatures vanquished.

Notes
Turn   | Place    | Note
-------+----------+-------------------------------------------
     0 | D:1      | Ethylacetat the Octopode Gladiator began the quest for the
                  | Orb.
     0 | D:1      | Reached XP level 1. HP: 14/14 MP: 1/1
    86 | D:1      | Reached XP level 2. HP: 19/19 MP: 2/2
   571 | D:2      | Reached XP level 3. HP: 24/25 MP: 3/3
   971 | D:2      | Noticed Jessica
   981 | D:2      | Killed Jessica
   982 | D:2      | Reached skill level 1 in Staves
   982 | D:2      | Reached skill level 1 in Spellcasting
   982 | D:2      | Reached skill level 1 in Earth Magic
   982 | D:2      | Reached XP level 4. HP: 26/30 MP: 3/5
  1424 | D:3      | Found a faded altar of an unknown god.
  1789 | D:3      | Reached XP level 5. HP: 36/36 MP: 6/6
  1858 | D:3      | Noticed an ice beast
  1868 | D:3      | Killed an ice beast
  1869 | D:3      | Reached skill level 4 in Dodging
  1869 | D:3      | Reached XP level 6. HP: 7/42 MP: 6/8
  2303 | D:4      | Found a glowing golden altar of the Shining One.
  2333 | D:4      | Slain by a gnoll

Illustrated notes

Levels and vault maps discovered:
D:1:      saegor_arrival_simple_a, layout_rooms
D:2:      layout_loops_cross, uniq_jessica
D:3:      layout_loops_corners, chequers_ecumenical_altar_simple
D:4:      layout_basic, grunt_temple_overflow_open, tso_metal_star,
          nicolae_letterblocks [nicolae_letter_subblock,
          nicolae_letter_subblock, nicolae_letter_subblock,
          nicolae_letter_subblock, nicolae_letter_subblock,
          nicolae_letter_subblock, nicolae_letter_subblock,
          nicolae_letter_subblock, nicolae_letter_subblock,
          nicolae_letter_subblock, nicolae_letter_subblock,
          nicolae_letter_subblock, nicolae_letter_subblock,
          nicolae_letter_subblock, nicolae_letter_subblock,
          nicolae_letter_subblock, nicolae_letter_subblock,
          nicolae_letter_subblock, nicolae_letter_subblock,
          nicolae_letter_subblock, nicolae_letter_subblock,
          nicolae_letter_subblock, nicolae_letter_subblock,
          nicolae_letter_subblock, nicolae_letter_subblock]

Skill      XL: |  1  2  3  4  5 |
---------------+----------------+-----
Staves         | 1 2 |  2.1
Spellcasting   | 1 |  1.9
Earth Magic    | 1 2 |  2.1
Fighting       | 3 |  3.4
Dodging        | 4 |  4.1
Throwing       | |  2.0
Unarmed Combat | |  3.2

Action                     |  1- 3 |  4- 6 || total
---------------------------+-------+-------++-------
  Melee: Unarmed           |    24 |       ||    24
         Constrict         |    23 |    13 ||    36
         Tentacles         |    19 |    15 ||    34
         Punch             |     2 |     4 ||     6
         Staff             |    51 |    66 ||   117
  Throw: Throwing net      |       |     1 ||     1
    Use: Potion            |       |     2 ||     2
   Stab: Sleeping          |     7 |     8 ||    15
         Held in net/web   |       |     1 ||     1
 Armour: Skin              |     6 |     1 ||     7
  Dodge: Dodged            |    33 |    20 ||    53

Table legend: (Time is in decaauts)
 A = Elapsed time spent in this place.
 B = Non-inter-level travel time spent in this place.
 C = Inter-level travel time spent in this place.
 D = Time resting spent in this place.
 E = Time spent auto-exploring this place.
 F = Levels seen in this place.
 G = Mean time per level.
                   A        B        C        D        E       F      G
               +--------+--------+--------+--------+--------+-----+--------+
         Total |   2339 |   2275 |     64 |      2 |   1936 |   4 |  584.8 |
       Dungeon |   2339 |   2275 |     64 |      2 |   1936 |   4 |  584.8 |
               +--------+--------+--------+--------+--------+-----+--------+

Top non-repeatable levels by time:
     D:3: 954 daAuts
     D:2: 662 daAuts
     D:1: 565 daAuts
     D:4: 157 daAuts
